 Dungeon Crawl Stone Soup version 0.22.1-2-g9c5b331 (webtiles) character file.

254 Labyrinth the Chiller (level 5, -3/39 HPs)
             Began as a Draconian Ice Elementalist on Nov 19, 2018.
             Was an Initiate of Yredelemnul.
             Slain by an ogre
             ... wielding a +0 giant spiked club
              (15 damage)
             ... on level 4 of the Dungeon.
             The game lasted 00:22:28 (2094 turns).

Labyrinth the Chiller (Draconian Ice Elementalist)  Turns: 2094, Time: 00:22:29

Health: -3/39      AC:  5    Str: 11    XL:     5   Next: 90%
Magic:  0/11       EV:  9    Int: 16    God:    Yredelemnul [......]
Gold:   151        SH:  7    Dex: 11    Spells: 1/12 levels left

rFire    . . .     SeeInvis .   i - +1 dagger (elec)
rCold    . . .     Gourm    .   c - +0 shield
rNeg     . . .     Faith    .   (armour unavailable)
rPois    .         Spirit   .   (helmet restricted)
rElec    .         Reflect  .   (no cloak)
rCorr    .         Harm     .   (no gloves)
MR       .....                  (no boots)
Stlth    ++........             (no amulet)
HPRegen  0.13/turn              (no ring)
MPRegen  0.12/turn              (no ring)

@: very slightly contaminated
A: unfitting armour, cold-blooded, AC +5
a: Renounce Religion


You were on level 4 of the Dungeon.
You worshipped Yredelemnul.
Yredelemnul was noncommittal.
You were not hungry.

You visited 1 branch of the dungeon, and saw 4 of its levels.

You collected 151 gold pieces.

Inventory:

Hand Weapons
 h - a +0 club
 i - a +1 dagger of electrocution (weapon)
 n - a +0 spear
 s - a +0 whip
 u - a +0 shortbow
 w - a +0 long sword
 y - a +0 quarterstaff
Missiles
 j - 36 stones (quivered)
 k - 5 bolts
 m - 26 arrows
 r - 53 sling bullets
 v - 10 poisoned needles
Armour
 c - a +0 shield (worn)
 f - a +0 robe
Scrolls
 g - a scroll of magic mapping
 o - a scroll of fear
 p - a scroll of enchant armour
 q - 3 scrolls of remove curse
 t - a scroll of teleportation {unknown}
Potions
 e - a potion of flight
 l - a potion of cancellation
 x - a potion of might {unknown}
 z - a potion of heal wounds {unknown}
Comestibles
 b - 4 rations
 d - a chunk of flesh


   Skills:
 + Level 0.5 Fighting
 + Level 1.0 Short Blades
 + Level 2.2 Dodging
 + Level 2.1 Stealth
 + Level 1.1 Shields
 + Level 0.1 Unarmed Combat
 + Level 4.0 Spellcasting
 + Level 1.5 Conjurations
 + Level 4.2 Ice Magic


You had one spell level left.
You knew the following spells:

 Your Spells              Type           Power        Failure   Level  Hunger
a - Freeze                Ice            ###.         19%         1    None
b - Throw Frost           Conj/Ice       ##....       43%         2    ##.....
c - Ozocubu's Armour      Chrm/Ice       #.......     77%         3    ###....
d - Throw Icicle          Conj/Ice       ##......     97%         4    ####...
e - Summon Small Mammal   Summ           #...         69%         1    None

Your spell library contained the following spells:

 Spells                   Type           Power        Failure   Level  Hunger
 Call Imp                 Summ           #.......     83%         2    ##.....
 Call Canine Familiar     Summ           #.......     96%         3    ###....
 Summon Guardian Golem    Hex/Summ       #.......     96%         3    ###....
 Summon Ice Beast         Ice/Summ       #.......     99%         4    ####...
 Summon Lightning Spire   Summ/Air       #.......     100%        4    ####...


Dungeon Overview and Level Annotations

Branches:
Dungeon (4/15)
 Temple: D:4-7

Altars:
Ashenzari
Cheibriados
Kikubaaqudgha
Makhleb
Yredelemnul
The Shining One


Innate Abilities, Weirdness & Mutations

Your plain brown scales are hard. (AC +5)
You cannot fit into any form of body armour.
You are cold-blooded and may be slowed by cold attacks.


Message History

Press: ? - help, Shift-Dir - straight line, f/p - ogre
Aim: an ogre, wielding a giant spiked club (severely wounded)
You miscast Freeze.
A chill runs through your body.
Casting: Freeze (safe; 19% risk of failure)
Confirm with . or Enter, or press ? or * to list all spells.
Aiming: Freeze (safe; 19% risk of failure)
Press: ? - help, Shift-Dir - straight line, f/p - ogre
Aim: an ogre, wielding a giant spiked club (severely wounded)
You miscast Freeze.
You feel uncomfortably cold.
The ogre hits you with a giant spiked club!
You hit the ogre.
The ogre is almost dead.
The ogre barely misses you.
You hit the ogre but do no damage.
The ogre is almost dead.
You hit the ogre but do no damage.
The ogre is almost dead.
The ogre hits you with a giant spiked club!
You die...
Your body rises from the dead as a mindless zombie.

#.!......#
#........#
#........ #.>.....#
........# ........+
.... #..###..##....
# ###O##...
#..@##..# #...##..#
##..##..# #..##..#
#...'..#
+...#..##### ##
#..##..##..###+###.
#..##..##..........
#+###..............


You could see an ogre.

Vanquished Creatures
  A centaur (D:3)
  10 adders
  2 oozes
  3 worms
  4 dart slugs
  3 leopard geckos
  6 bats
  4 giant cockroaches
  3 goblins
  4 hobgoblins
  4 jackals (D:2)
  8 kobolds
  3 quokkas
  A ball python (D:2)
  3 frilled lizards
  6 rats
65 creatures vanquished.

Notes
Turn   | Place    | Note
-------+----------+-------------------------------------------
     0 | D:1      | Labyrinth the Draconian Ice Elementalist began the quest
                  | for the Orb.
     0 | D:1      | Reached XP level 1. HP: 14/14 MP: 3/3
   173 | D:1      | Reached XP level 2. HP: 18/20 MP: 0/5
   177 | D:1      | Learned a level 2 spell: Throw Frost
   742 | D:2      | Reached XP level 3. HP: 26/26 MP: 1/6
   823 | D:2      | Learned a level 3 spell: Ozocubu's Armour
   977 | D:2      | Reached XP level 4. HP: 21/33 MP: 0/8
  1519 | D:3      | Reached XP level 5. HP: 35/38 MP: 0/10
  1529 | D:3      | Learned a level 4 spell: Throw Icicle
  1556 | D:3      | Noticed a centaur
  1574 | D:3      | Killed a centaur
  1574 | D:3      | Reached skill level 1 in Shields
  1652 | D:3      | Reached skill level 1 in Short Blades
  1657 | D:3      | Found a snail-covered altar of Cheibriados.
  1658 | D:3      | Found an ancient bone altar of Kikubaaqudgha.
  1658 | D:3      | Found a glowing golden altar of the Shining One.
  1674 | D:3      | Found a basalt altar of Yredelemnul.
  1674 | D:3      | Found a burning altar of Makhleb.
  1676 | D:3      | Found a shattered altar of Ashenzari.
  1734 | D:3      | Became a worshipper of Yredelemnul the Dark
  2062 | D:4      | Learned a level 1 spell: Summon Small Mammal
  2076 | D:4      | Noticed an ogre
  2094 | D:4      | Slain by an ogre

Skill      XL: |  1  2  3  4  5 |
---------------+----------------+-----
Dodging        | 2 |  2.2
Spellcasting   | 3 4 |  4.0
Stealth        | 2 |  2.1
Shields        | 1 |  1.1
Ice Magic      | 4 |  4.2
Short Blades   | 1 |  1.0
Fighting       | |  0.5
Unarmed Combat | |  0.1
Conjurations   | |  1.5

Action                   |  1- 3 |  4- 6 || total
-------------------------+-------+-------++-------
Melee: Unarmed           |    20 |       ||    20
       Dagger            |    50 |    61 ||   111
       Club              |     7 |       ||     7
       Tailslap          |     3 |     7 ||    10
 Cast: Freeze            |    20 |    29 ||    49
       Throw Frost       |     4 |    23 ||    27
  Use: Potion            |     1 |     2 ||     3
       Scroll            |     4 |     3 ||     7
 Stab: Sleeping          |     1 |     1 ||     2
  Eat: Chunk             |     1 |     6 ||     7
Armor: Skin              |    40 |    22 ||    62
Dodge: Dodged            |    40 |    34 ||    74
Block: Shield            |    25 |    20 ||    45
